TKirby, neutral male human Monk ----- |.(.-#### --------------- #.%..| # |......<......| #|...| ### |.............| #----- # |.............| ##### ### |.{...........| # # ----------.---- # ### ############### # # # # # ### #####%######## ## # # ---.- -|----|---- ###|..f| |.........| #-..u| |.........| |..@| |.........| #################....| |.........| # |...| ----------- # ----- TKirby the Initiate Experience level: 8 Strength: 18/01 Dexterity: 13 Constitution: 15 Intelligence: 11 Wisdom: 12 Charisma: 10 Health: 0(52) Energy: 28(41) Def: 6 Gold: 456 Moves: 9343 Dungeon seed: nOpAIbHWVRTcseoQ Game ID: TKirby_1505406842 Your Inventory: Coins $ - 456 gold pieces Weapons O - 3 +0 darts (in quiver) Armor e - a blessed +2 pair of leather gloves (being worn) n - an uncursed +1 robe (being worn) Comestibles a - an uncursed partly eaten food ration h - 2 uncursed fortune cookies D - an uncursed tin of kobold meat E - an uncursed carrot I - an uncursed egg W - 2 uncursed food rations Scrolls K - a blessed scroll of enchant armor M - 3 uncursed scrolls of teleportation N - an uncursed scroll of identify Potions c - 4 uncursed potions of healing x - a cursed potion of fruit juice B - an uncursed potion of booze L - an uncursed potion of gain ability Rings d - an uncursed ring of regeneration k - an uncursed ring of levitation u - an uncursed ring of invisibility w - an uncursed ring of cold resistance F - a cursed ring of hunger V - a cursed ring of aggravate monster X - an uncursed ring of free action Wands r - a wand of cancellation (0:6) s - a wand of light (0:15) t - a wand of magic missile (0:4) A - a wand of lightning (0:4) H - a wand of light (0:11) P - a wand of polymorph (0:3) U - a wand of polymorph (0:6) Z - a wand of polymorph (0:4) Tools f - an uncursed tin whistle p - 5 uncursed tallow candles (0:200) G - an uncursed bag of holding Gems q - an uncursed agate stone y - an uncursed obsidian stone z - an uncursed worthless piece of white glass T - an uncursed worthless piece of black glass Y - 2 uncursed worthless pieces of violet glass Contents of the bag of holding: a blessed +0 arrow 8 +0 arrows 9 cursed -1 arrows a +0 bow a blessed +0 cloak of invisibility an uncursed scroll of blank paper an uncursed scroll of create monster 2 uncursed scrolls of destroy armor 2 cursed scrolls of earth a blessed scroll of genocide a cursed scroll of identify an uncursed scroll of magic mapping an uncursed scroll of scare monster a blessed spellbook of healing an uncursed spellbook of sleep an uncursed mirror a blessed oil lamp (0:1257) Spells and supernatural/magical abilities: Name Level Category Fail Memory h - healing 1 healing 0% 54% z - sleep 1 enchantment 0% 61% W - pray for help -- divine ? -- Your skills at the end: Fighting Skills martial arts [Expert] Weapon Skills Spellcasting Skills healing spells [Basic] Final Attributes: You were piously aligned. You were sleep resistant. You were poison resistant. You saw invisible. You were warned. You were stealthy. You were fast. You are dead. Vanquished creatures: 2 giant mimics 2 giant beetles a wolf 24 leprechauns a dwarf mummy a yeti a housecat 4 blue jellies a snake 2 human zombies 2 imps 3 wood nymphs 2 water nymphs a mountain nymph 4 rock piercers 2 rock moles 2 fog clouds 5 yellow lights a shrieker 2 gnome lords a gnomish wizard a kobold mummy a red naga hatchling a guardian naga hatchling a gray ooze 6 elf zombies a baby crocodile 2 giant ants 3 little dogs 2 floating eyes a kitten 2 dwarves 4 homunculi 2 kobold lords 15 hill orcs 6 rothes a rabid rat a centipede a giant bat a monkey a dwarf zombie 4 iguanas 3 acid blobs 3 coyotes 2 gas spores 3 hobbits 2 large kobolds a hobgoblin 3 giant rats 3 cave spiders 2 brown molds 3 yellow molds a green mold 6 red molds 2 gnomes a gnome zombie 5 geckos a jackal 2 foxes 4 kobolds 5 goblins 4 sewer rats 9 grid bugs 3 bats 8 lichens 4 kobold zombies 10 newts 211 creatures vanquished. Voluntary challenges: You were vegetarian. You had followed a strict vegan diet until turn 2988. You had been an atheist until turn 2944. You never hit with a wielded weapon. You read items or engraved 9 times, starting on turn 1540. You never genocided any monsters. You never polymorphed an object. You never changed form. You used no wishes. You never split a pudding. You wrote Elbereth's name 1 time, starting on turn 7562. You violated your moral code, losing 10 points of alignment, starting on turn 4746. Dungeon overview: The Dungeons of Doom: levels 1 to 11 Level 1 a fountain a long staircase Level 2 a fountain Level 3 Level 4 some fountains, a sink a long staircase Level 5 Level 6 many fountains Level 7 a fountain, some sinks stairs to Sokoban Level 8 Level 9 some fountains Level 10 Level 11 <- You were here a fountain Sokoban: levels 3 to 6 Level 3 Level 4 Level 5 Level 6 stairs to The Dungeons of Doom History has recorded: On T:1 you entered the Dungeons of Doom to retrieve the Amulet of Yendor! On T:166 you reached level 2 of The Dungeons of Doom. On T:355 you advanced to experience level 2. On T:554 you reached level 3 of The Dungeons of Doom. On T:727 you advanced to experience level 3. On T:922 you reached level 4 of The Dungeons of Doom. On T:1248 you reached level 5 of The Dungeons of Doom. On T:1538 you reached level 6 of The Dungeons of Doom. On T:1640 you advanced to experience level 4. On T:2495 you advanced to experience level 5. On T:2986 you advanced to experience level 6. On T:3063 you reached level 7 of The Dungeons of Doom. On T:3336 you reached level 4 of Sokoban. On T:3683 you reached level 3 of Sokoban. On T:4916 you reached level 2 of Sokoban. On T:5565 you reached level 1 of Sokoban. On T:5702 you advanced to experience level 7. On T:7889 you reached level 8 of The Dungeons of Doom. On T:8097 you reached level 10 of The Dungeons of Doom. On T:8132 you reached level 9 of The Dungeons of Doom. On T:8538 you advanced to experience level 8. On T:9138 you reached level 11 of The Dungeons of Doom. Score breakdown: Gold: 456 ( 9048 points) Experience: 8 levels (14739 points) Exploration: 11 levels ( 22.00%) (13552 points) Discoveries: 5 items ( 1.79%) ( 4008 points) Valuables value: (no points given unless you survive) Artifact value: 0 ( 0 points) Variety of kills: 67 monsters ( 17.59%) (12580 points) Turncount: 9343 turns (-2278 points) Survival: died (score multiplied by 80%) Total score: 41319 Latest messages: You feel better. Maple misses the white unicorn. Maple bites the white unicorn. The white unicorn misses maple. (2x) Maple misses the white unicorn. The white unicorn butts! The white unicorn kicks! Maple bites the white unicorn. The white unicorn misses maple. (2x) The white unicorn butts! The white unicorn kicks! The white unicorn butts! The white unicorn kicks! Maple misses the white unicorn. The white unicorn just misses! The white unicorn kicks! You hit the white unicorn! The white unicorn butts! The white unicorn misses. Maple bites the white unicorn. The white unicorn butts maple. The white unicorn misses maple. The white unicorn butts! You die... Final status: Goodbye TKirby the Monk, killed by a white unicorn... You died in The Dungeons of Doom on dungeon level 11 with 41319 points, and 456 pieces of gold, after 9343 moves. You were level 8 with a maximum of 52 hit points when you died.